 Dungeon Crawl Stone Soup version 0.28-a0-850-g09de17f5b5 (webtiles) character file.

Game seed: 17952726850892118242

34 avis the Insei (level 3, 25/25 HPs)
             Began as an Octopode Transmuter on Nov 14, 2021.
             Got out of the dungeon alive.
             The game lasted 00:06:57 (866 turns).

avis the Insei (Octopode Transmuter)                 Turns: 866, Time: 00:06:58

Health: 25/25      AC:  1    Str: 10    XL:     3   Next: 31%
Magic:  6/6        EV: 13    Int: 15    God:
Gold:   44         SH:  0    Dex: 12    Spells: 2/6 levels left

rFire   . . .      SeeInvis .   b - +0 hunting sling
rCold   . . .      Faith    .   (no shield)
rNeg    . . .      Spirit   .   (helmet restricted)
rPois   .          Reflect  .   (no amulet)
rElec   .          Harm     .   (no ring)
rCorr   .          Rampage  .   (no ring)
Will    .....                   (no ring)
Stlth   +++.......              (no ring)
HPRegen 0.08/turn               (no ring)
MPRegen 0.10/turn               (no ring)
                                (no ring)
                                (no ring)

@: no status effects
A: almost no armour, amphibious, 8 rings, camouflage 1, gelatinous body 1,
(nimble swimmer 1), tentacles
a: no special abilities


You escaped.
You visited 1 branch of the dungeon, and saw 2 of its levels.

You collected 44 gold pieces.

Inventory:

Hand Weapons
 a - a +0 vampiric short sword
 b - a +0 hunting sling (weapon)
Missiles
 g - 24 sling bullets (quivered ammo)
 i - 63 stones
Scrolls
 d - a scroll of enchant armour {unknown}
 f - a scroll of holy word {unknown}
 h - a scroll of fear {unknown}
 j - 3 scrolls of magic mapping {unknown}
Potions
 c - a potion of degeneration {unknown}
 e - a potion of attraction {unknown}


   Skills:
 * Level 2.7 Fighting
 - Level 2.0 Dodging
 - Level 2.0 Stealth
 - Level 3.0 Unarmed Combat
 - Level 2.0 Spellcasting
 - Level 2.0 Transmutations


You had 2 spell levels left.
You knew the following spells:

 Your Spells              Type           Power      Damage    Failure   Level
a - Beastly Appendage     Tmut           14%        N/A       10%         1
p - Spider Form           Tmut/Pois      4%         N/A       41%         3

Your spell library contained the following spells:

 Spells                   Type           Power      Damage    Failure   Level
 Wereblood                Tmut           7%         N/A       14%         2
 Call Canine Familiar     Summ           1%         N/A       54%         3
 Portal Projectile        Hex/Tloc       2%         N/A       54%         3
 Ice Form                 Ice/Tmut       4%         N/A       82%         4
 Leda's Liquefaction      Hex/Erth       0%         N/A       91%         4


Dungeon Overview and Level Annotations

Branches:
Dungeon (2/15)

Altars:
Uskayaw


Innate Abilities, Weirdness & Mutations

You cannot wear most types of armour.
You are amphibious.
You can wear up to eight rings at the same time.
Your skin changes colour to match your surroundings (Stealth+).
Your rubbery body absorbs attacks. (AC +1, EV +1)
((You are camouflaged near water. (Stealth+)))
You have tentacles for arms and can constrict up to eight enemies at once.


Message History

Found 15 gold pieces.
There is a stone staircase leading up here.
You feel the dreadful sensation subside.
b - a +0 hunting sling (weapon)
The kobold shouts!
Fire: 24 sling bullets
Press: ? - help, Q - select action, (/) - cycle Shift-Dir - straight line, f - kobold
Aim: a kobold, wielding a +0 short sword (50% to hit)
You shoot a sling bullet.
The sling bullet barely misses the kobold.
Fire: 23 sling bullets
Press: ? - help, Q - select action, (/) - cycle Shift-Dir - straight line, f/p - kobold
Aim: a kobold, wielding a +0 short sword (50% to hit)
You shoot a sling bullet.
The sling bullet barely misses the kobold.
You feel a sense of dread.
a - a +0 vampiric short sword (weapon)
You hit the kobold.
You kill the kobold!
Your transformation is almost over.
Found 11 gold pieces.
You now have 33 gold pieces (gained 15).
Things that are here:
a +0 short sword; a kobold corpse
g - 23 sling bullets (gained 1)
g - 24 sling bullets (gained 1)
Your tentacle spike disappears.
Things that are here:
a +0 short sword; a kobold corpse
Found a hide-covered altar of Uskayaw.
You now have 44 gold pieces (gained 11).
There is a stone staircase leading up here.
You climb upwards.
There is a stone staircase leading down here.
You feel the dreadful sensation subside.
b - a +0 hunting sling (weapon)
There is an open door here.
There is a staircase leading out of the dungeon here.
Are you sure you want to leave the Dungeon?
This will make you lose the game!
You have escaped!

.#.....##...........####
.......##....#......#####
.#....###.##.#..........#
......# #.##.#..........#
......# #.##.....#......#
......# #.########......#
......###.# #......#
##........# ###########
..........#####8@8####
..........##.........##
..........#8.........8#
..........#...8...8...#
...###....#8.........8#
...+......##.........###
...####+#..............#
..........########..####
....#..............##


There were no monsters in sight!

Vanquished Creatures
  A dart slug (D:1)
  4 ball pythons (D:1)
  An endoplasm (D:1)
  A giant cockroach (D:1)
  5 goblins (D:1)
  8 hobgoblins (D:1)
  2 jackals (D:1)
  3 frilled lizards (D:1)
  A kobold (D:2)
26 creatures vanquished.

Notes
Turn   | Place    | Note
-------+----------+-------------------------------------------
     0 | D:1      | avis the Octopode Transmuter began the quest for the Orb.
     0 | D:1      | Reached XP level 1. HP: 13/13 MP: 3/3
   240 | D:1      | Reached XP level 2. HP: 19/19 MP: 5/5
   294 | D:1      | Reached skill level 1 in Stealth
   472 | D:1      | Reached XP level 3. HP: 25/25 MP: 6/6
   476 | D:1      | Learned a level 3 spell: Spider Form
   814 | D:2      | Found a hide-covered altar of Uskayaw.
   866 | D:$      | Got out of the dungeon alive.

Illustrated notes

Levels and vault maps discovered:
D:1:      mrwooster_arrival_statue_2, layout_basic, serial_corexii_hall,
          chequers_hall_statues_corner_a, corexii_hall_statues_i,
          corexii_hall_statues_deadend, corexii_hall_statues_deadend,
          st_stairs_14
D:2:      layout_loops_corners, basic_altar,
          dreamdust_ecumenical_altar_angels_and_demons, minmay_misc_feat_rows,
          corexii_corridor_pit, uniq_natasha

Skill      XL: |  1  2 |
---------------+-------+-----
Fighting       | 2 |  2.7
Stealth        | 2 |  2.0
Dodging        | |  2.0
Unarmed Combat | |  3.0
Spellcasting   | |  2.0
Transmutations | |  2.0

Action                   || total
-------------------------++-------
Melee: Unarmed           ||    12
       Constrict         ||     4
       Kick              ||     2
       Tentacles         ||     2
       Short sword       ||     7
 Fire: Hunting sling     ||    36
 Cast: Beastly Appendage ||     6
 Stab: Sleeping          ||     2
Armor: Skin              ||     2
Dodge: Dodged            ||    10

Table legend: (Time is in decaauts)
 A = Elapsed time spent in this place.
 B = Non-inter-level travel time spent in this place.
 C = Inter-level travel time spent in this place.
 D = Time resting spent in this place.
 E = Time spent auto-exploring this place.
 F = Levels seen in this place.
 G = Mean time per level.
                   A        B        C        D        E       F      G
               +--------+--------+--------+--------+--------+-----+--------+
         Total |    868 |    765 |    103 |     70 |    354 |   2 |  434.0 |
       Dungeon |    868 |    765 |    103 |     70 |    354 |   2 |  434.0 |
               +--------+--------+--------+--------+--------+-----+--------+

Top non-repeatable levels by time:
     D:1: 828 daAuts
     D:2: 39 daAuts
